 Dungeon Crawl Stone Soup version 0.17.0-24-gcfadda4 (webtiles) character file.

47 HungrySpirit the Ducker (level 3, 0/16 HPs)
             Began as a Spriggan Necromancer on Nov 16, 2015.
             Killed from afar by Sigmund (5 damage)
             ... with a wand of magic darts
             ... on level 2 of the Dungeon.
             The game lasted 00:08:42 (3186 turns).

HungrySpirit the Ducker (Spriggan Necromancer)      Turns: 3186, Time: 00:08:43

Health: 0/16       AC:  2    Str:  4    XL:     3   Next: 48%
Magic:  8/8        EV: 19    Int: 16    God:
Gold:   91         SH:  0    Dex: 17    Spells: 1 memorised, 6 levels left

rFire  . . .     SeeInvis +     h - +0 dagger
rCold  . . .     Clarity  .     a - +0 robe
rNeg   . . .     SustAt   .     (shield restricted)
rPois  .         Gourm    .     (helmet restricted)
rElec  .         Spirit   .     (no cloak)
rCorr  .         Warding  .     (gloves unavailable)
rMut   .         Stasis   .     (boots unavailable)
MR     .....                    (no amulet)
Stlth  +++.......               (no ring)
                                (no ring)

@: very quick, not resistant to hostile enchantments, fairly stealthy
A: unfitting armour, see invisible, herbivore 3, speed 3, slow metabolism 2
a: no special abilities


You were on level 2 of the Dungeon.
You were not hungry.

You visited 1 branch of the dungeon, and saw 2 of its levels.

You collected 91 gold pieces.

Inventory:

Hand Weapons
 d - a +0 short sword
 h - a +0 dagger (weapon)
Missiles
 j - 8 poisoned needles
Armour
 a - a +0 robe (worn)
Wands
 n - a wand of random effects (11)
Scrolls
 i - 2 scrolls of amnesia {unknown}
 k - a scroll of teleportation {unknown}
 l - 2 scrolls of identify {unknown}
 m - a scroll of fear {unknown}
 p - a scroll of magic mapping {unknown}
Potions
 e - a potion of resistance {unknown}
 f - 2 potions of heal wounds {unknown}
 g - a potion of flight {unknown}
 o - 2 potions of beneficial mutation {unknown}
 q - 2 potions of curing {unknown}
Books
 b - a book of Necromancy

   Spells                             Type                      Level
   a - Pain                           Necromancy                   1
   b - Animate Skeleton               Necromancy                   1
   c - Vampiric Draining              Necromancy                   3
   d - Regeneration                   Charms/Necromancy            3
   e - Animate Dead                   Necromancy                   4
   f - Control Undead                 Necromancy                   4
Comestibles
 c - a bread ration


   Skills:
 * Level 2.1 Short Blades
 + Level 4.0 Dodging
 + Level 3.9 Stealth
 - Level 2.6 Spellcasting
 - Level 3.6 Necromancy


You had 6 spell levels left.
You knew the following spells:

 Your Spells              Type           Power        Failure   Level  Hunger
a - Pain                  Necr           ##..         6%          1    #......


Dungeon Overview and Level Annotations

Branches:
Dungeon (2/15)

Altars:

Annotations:
D:2 Sigmund


Innate Abilities, Weirdness & Mutations

You are tiny and cannot use many weapons and most armour.
You have supernaturally acute eyesight.
You are a herbivore.
You cover ground extremely quickly.
You need consume almost no food.


Message History

Press: ? - help, Shift-Dir - straight line, f - Sigmund
Aim: Sigmund, wielding a scythe of venom, wearing a robe and carrying a wand of magic darts {zapped: 2} (almost dead) Sigmund resists with significant effort.
Evoking this partially-identified wand wasted a few charges.
Sigmund gestures at you while chanting. You resist with some effort.
Evoke which item? (* to show all) (? for menu, Esc to quit)
Zapping:
n - a wand of random effects {zapped: 26} (will waste charges)
Press: ? - help, Shift-Dir - straight line, f/p - Sigmund
Aim: Sigmund, wielding a scythe of venom, wearing a robe and carrying a wand of magic darts {zapped: 2} (almost dead) Sigmund resists with significant effort.
Evoking this partially-identified wand wasted a few charges.
Evoke which item? (* to show all) (? for menu, Esc to quit)
Zapping:
n - a wand of random effects {zapped: 28} (will waste charges)
Press: ? - help, Shift-Dir - straight line, f/p - Sigmund
Aim: Sigmund, wielding a scythe of venom, wearing a robe and carrying a wand of magic darts {zapped: 2} (almost dead)
The rock shatters into small pieces.
Evoking this partially-identified wand wasted a few charges.
Sigmund zaps a wand.
The magic dart hits you!
You die...

###...#.# ######..##.. +........
#.#.#.# #.......##.##.#........
###.....###.......##.#.###.......
.........[........##..# #.......
#####.....#.####..##@# #.......
###.#...........$# #.......
#.#......#.#.### #.......
#.#..........# ###)####
..##.....#@### #.####
####.....#.# #..... #.....#.#
#####. ##..###.# #. ##+# #.# #.
#.# #. #.# ###. #.# #... #.##


You could see Sigmund.

Vanquished Creatures
  An adder (D:2)
  An ooze (D:1)
  A worm (D:2)
  7 bats
  2 giant cockroaches (D:1)
  4 goblins
  7 hobgoblins
  A kobold (D:1)
  2 giant newts
  A rat (D:1)
27 creatures vanquished.

Notes
Turn   | Place    | Note
--------------------------------------------------------------
     0 | D:1      | HungrySpirit the Spriggan Necromancer began the quest for the Orb.
     0 | D:1      | Reached XP level 1. HP: 9/9 MP: 5/5
   302 | D:1      | Reached skill level 1 in Short Blades
   993 | D:1      | Reached XP level 2. HP: 11/13 MP: 6/6
  1817 | D:1      | Noticed an orc priest
  2031 | D:1      | Reached XP level 3. HP: 14/16 MP: 8/8
  2982 | D:2      | Reached skill level 4 in Dodging
  3159 | D:2      | Noticed Sigmund
  3186 | D:2      | Killed from afar by Sigmund

Action                   || total
-------------------------++-------
Melee: Short sword       ||    44
       Dagger            ||    83
 Cast: Pain              ||    28
Evoke: Wand              ||    12
 Stab: Sleeping          ||     6
